Map: Blackpink LE

Players

TEarDroP

  • Race: Terran Terran
  • League: Master
  • Spawn Location: 1:00

Livibee - Winner!

  • Race: Zerg Zerg
  • League: Master
  • Spawn Location: 7:00

VOD

Have the link to the VOD?

Description

Time

  • Played on: Dec. 15, 2017, 10:11 p.m.
  • Length: 17:17
Show
View Real Time Build Order
Export as new Build Order

TEarDroP Terran 

Build Orders: Reaper Expand, MMM Bio 

Get SALT Encoding   

  12  0:00  SCV  
  13  0:13  SCV  
  14  0:17  Supply Depot  
  14  0:25  SCV  
  15  0:39  SCV  
  16  0:44  Barracks  
  16  0:46  Refinery  
  16  0:51  SCV  
  17  1:03  SCV  
  18  1:15  SCV  
  19  1:32  Reaper, Orbital Command  
  20  1:40  Command Center  
  20  1:51  Barracks  
  20  1:57  SCV  
  21  2:04  Barracks Reactor  
  21  2:06  Supply Depot  
  21  2:10  SCV  
  22  2:22  SCV  
  23  2:23  Factory  
  23  2:28  Refinery  
  23  2:34  SCV  
  24  2:39  Barracks Tech Lab  
  24  2:42  Marine x2  
  26  2:46  SCV  
  27  2:53  Orbital Command  
  27  2:58  SCV  
  28  3:00  Marine  
  28  3:02  Stimpack  
  28  3:04  Marine  
  30  3:07  Marine  
  30  3:10  SCV  
  32  3:22  SCV  
  32  3:23  SCV  
  32  3:25  Marine x2  
  32  3:26  Factory Reactor  
  36  3:31  Starport  
  36  3:35  Marine, SCV  
  36  3:37  SCV  
  39  3:44  Marine x2  
  39  3:45  Supply Depot  
  39  3:47  SCV  
  42  3:53  SCV  
  43  3:55  Marine  
  43  3:59  SCV  
  43  4:02  Marine  
  46  4:06  Marine  
  47  4:11  Supply Depot  
  47  4:14  Supply Depot  
  47  4:15  Marine, SCV x2  
  50  4:20  Marine  
  50  4:23  Medivac  
  53  4:27  SCV  
  54  4:32  Marine x2, Medivac  
  54  4:33  Widow Mine, Supply Depot  
  60  4:38  Bunker  
  60  4:41  Marine, SCV  
  60  4:42  SCV  
  63  4:50  Marine  
  64  4:54  Marine, SCV x2  
  67  5:01  Command Center  
  67  5:02  Widow Mine  
  67  5:05  Marine  
  70  5:07  Combat Shields  
  70  5:08  Marine, SCV x2  
  70  5:12  Supply Depot  
  73  5:15  Supply Depot  
  73  5:20  Marine  
  73  5:21  Medivac x2  
  78  5:28  Refinery  
  78  5:30  Refinery  
  78  5:33  Factory Reactor  
  78  5:34  Marine, SCV x2  
  81  5:38  Supply Depot  
  81  5:43  Engineering Bay  
  81  5:45  Engineering Bay  
  81  5:46  Marine x2, SCV x2  
  85  5:51  Marine  
  86  6:02  SCV x2  
  88  6:04  Marine x2  
  88  6:06  Medivac x2  
  94  6:18  Terran Infantry Weapons Level 1  
  94  6:19  Orbital Command  
  94  6:20  Supply Depot  
  94  6:23  Marine x3, Hellion x2  
  101  6:27  SCV x2  
  103  6:32  Barracks  
  103  6:33  Barracks  
  103  6:41  Marine x3  
  103  6:43  Orbital Command  
  103  6:45  Supply Depot  
  103  6:46  Hellion x2  
  110  6:48  SCV  
  110  6:49  SCV  
  110  6:52  Medivac  
  110  6:53  Armory  
  114  6:59  Marine  
  114  7:01  SCV  
  116  7:15  SCV x2  
  118  7:20  Marine x2, Marauder, Barracks Reactor  
  118  7:21  Barracks, Barracks Reactor  
  118  7:22  Barracks  
  122  7:23  Barracks  
  122  7:26  Terran Infantry Armor Level 1  
  122  7:27  SCV x2  
  124  7:31  SCV  
  125  7:43  Factory Tech Lab  
  115  7:54  Marine x2, Marauder  
  115  7:56  SCV x2  
  108  8:01  Supply Depot  
  108  8:12  Marine x2  
  110  8:13  Terran Infantry Weapons Level 2  
  110  8:15  Marine  
  110  8:18  Barracks Reactor x3  
  110  8:19  Marine x4, Siege Tank  
  117  8:22  SCV, Refinery  
  117  8:23  SCV x2, Refinery  
  121  8:31  Bunker  
  121  8:34  Marauder  
  123  8:37  Supply Depot  
  123  8:39  Supply Depot  
  111  8:50  Marine x4  
  111  8:51  Marine x2  
  111  8:55  Marauder, Siege Tank  
  120  8:57  Marine x6  
  120  9:01  Factory  
  123  9:08  Marine x5  
  128  9:11  SCV x3  
  131  9:18  Marine x7, Marauder  
  140  9:24  Medivac x2, Terran Infantry Armor Level 2  
  140  9:25  SCV x3  
  140  9:26  Marine  
  148  9:32  Marine x3  
  151  9:55  Marine x5, Marauder  
  151  9:56  Marine  
  157  10:00  Factory Tech Lab  
  157  10:02  Command Center  
  157  10:03  Command Center  
  157  10:07  Supply Depot  
  157  10:08  Supply Depot x2  
  157  10:17  Marine  
  157  10:18  Marine x2  
  154  10:26  Siege Tank  
  152  10:29  Factory Tech Lab  
  152  10:33  Terran Infantry Weapons Level 3  
  152  10:38  Marine x4, Marauder  
  152  10:39  Marine x2  
  161  10:51  Marine x4  
  161  10:56  Liberator x2  
  161  11:00  Marauder  
  161  11:02  Marine x3  
  158  11:07  Supply Depot  
  158  11:09  Barracks Reactor  
  158  11:11  Marine x3, Refinery  
  159  11:12  Siege Tank x2  
  173  11:21  Marauder  
  175  11:42  Marauder  
  175  11:44  Siege Tank  
  179  11:47  Marine x3  
  179  11:48  Siege Tank  
  185  12:00  Starport, Factory  
  185  12:01  Factory  
  185  12:04  Marauder, Terran Infantry Armor Level 3  
  187  12:15  Marine  
  187  12:16  Marine x2, Siege Tank  
  187  12:20  Siege Tank  
  196  12:25  Marauder  
  196  12:32  Liberator  
  194  12:44  Planetary Fortress  
  194  12:45  Factory Tech Lab x2  
  194  12:47  Starport Tech Lab  
  194  12:48  Siege Tank  
  195  13:10  Terran Vehicle Weapons Level 1, Raven  
  195  13:11  Corvid Reactor  
  196  13:20  Planetary Fortress  
  196  13:24  Liberator  
  196  13:26  Sensor Tower  
  196  13:36  Fusion Core  
  199  14:08  Refinery x2  
  194  14:10  Siege Tank x2  
  186  14:22  Command Center  
  186  14:24  Refinery  
  186  14:25  Refinery, Command Center  
  172  14:40  Advanced Ballistics  
  172  14:41  Raven  
  172  14:44  Medivac x2  
  172  14:45  Marine x4  
  177  14:46  Marine x9  
  185  15:03  Marine x4  
  187  15:11  Marine  
  187  15:12  Marine x2, Marauder  
  179  15:24  Marine x5  
  183  15:33  Marauder  
  187  15:43  Raven  
  187  15:46  Siege Tank x4  
  187  15:47  Marine  
  199  16:04  Command Center  
  199  16:37  Viking x3  
  161  16:48  Marine x6, Marauder  
  161  16:49  Marine x3  
  161  16:50  Marine x3  
Show
View Real Time Build Order
Export as new Build Order

Livibee Zerg - Winner!

Build Orders: Hatch First 

Get SALT Encoding   

  12  0:00  Drone  
  13  0:12  Overlord  
  13  0:18  Drone  
  14  0:31  Drone  
  14  0:34  Drone  
  16  0:41  Drone  
  17  0:53  Hatchery  
  16  0:59  Drone  
  17  1:10  Spawning Pool  
  16  1:12  Drone  
  16  1:17  Drone  
  18  1:22  Drone  
  18  1:25  Extractor  
  18  1:28  Drone  
  19  1:41  Overlord  
  19  1:51  Drone  
  20  1:57  Queen  
  22  2:02  Zergling x2  
  22  2:05  Queen  
  22  2:06  Zergling x2  
  26  2:11  Drone  
  27  2:21  Drone  
  28  2:24  Metabolic Boost  
  28  2:30  Drone  
  29  2:38  Drone x2  
  29  2:39  Queen  
  29  2:41  Queen  
  35  2:46  Overlord  
  35  2:50  Drone  
  36  3:13  Baneling Nest  
  35  3:32  Hatchery  
  33  3:40  Queen  
  35  3:44  Overlord x2  
  35  3:58  Overlord  
  35  3:59  Overlord  
  35  4:01  Queen  
  35  4:02  Overlord  
  37  4:03  Drone x2  
  37  4:04  Drone  
  37  4:05  Drone x3  
  43  4:13  Drone x4  
  43  4:14  Drone x3  
  50  4:24  Extractor  
  50  4:25  Extractor  
  48  4:36  Zergling x2  
  48  4:37  Zergling x6  
  52  4:44  Zergling x12  
  58  4:46  Queen  
  58  4:49  Drone  
  58  4:50  Drone  
  58  4:52  Drone  
  63  4:59  Lair  
  63  5:02  Drone x2  
  63  5:05  Drone  
  66  5:09  Baneling  
  66  5:16  Baneling  
  66  5:22  Drone x2  
  66  5:23  Zergling x10, Evolution Chamber  
  66  5:24  Zergling x8  
  66  5:25  Evolution Chamber  
  66  5:28  Baneling x3  
  75  5:33  Drone x3  
  78  5:43  Baneling x5  
  77  6:02  Centrifical Hooks  
  77  6:04  Drone x5  
  79  6:05  Overlord x3  
  82  6:20  Drone, Extractor  
  82  6:22  Overlord x2  
  82  6:23  Overlord  
  82  6:24  Drone, Extractor  
  82  6:26  Drone x5  
  77  6:46  Drone  
  79  6:47  Drone x5  
  79  6:48  Drone x5  
  79  6:53  Zerg Ground Armor Level 1, Zerg Melee Weapons Level 1  
  79  6:54  Drone x3  
  91  7:04  Drone  
  91  7:08  Infestation Pit  
  90  7:09  Drone x2  
  92  7:16  Hydralisk Den  
  92  7:19  Extractor  
  90  7:34  Baneling  
  90  7:35  Baneling x10  
  90  7:36  Zergling x2  
  90  7:37  Zergling x22  
  94  7:45  Zergling x2  
  94  7:56  Pathogen Glands  
  94  7:57  Muscular Augments  
  94  7:58  Drone x2  
  93  7:59  Drone  
  93  8:02  Drone x6  
  93  8:04  Baneling x5  
  101  8:08  Hydralisk  
  103  8:19  Hydralisk x4  
  111  8:27  Overlord  
  111  8:31  Spore Crawler  
  111  8:33  Spine Crawler  
  104  8:43  Baneling x4  
  104  8:44  Baneling x2  
  104  8:45  Baneling  
  104  8:46  Hydralisk x2  
  104  8:47  Hydralisk x3  
  113  9:01  Hive  
  112  9:08  Overlord  
  112  9:09  Zerg Ground Armor Level 2  
  109  9:24  Extractor  
  109  9:25  Zerg Melee Weapons Level 2, Hatchery  
  109  9:27  Infestor  
  109  9:29  Zergling x2  
  109  9:30  Zergling x34  
  127  9:34  Extractor, Baneling  
  127  9:35  Baneling x4  
  127  9:36  Baneling  
  126  9:58  Hatchery  
  124  10:01  Infestor x2  
  128  10:07  Infestor  
  128  10:13  Baneling x6  
  126  10:57  Ultralisk Cavern  
  125  11:09  Drone  
  125  11:10  Drone x4, Overlord  
  125  11:11  Overlord x5  
  130  11:15  Spire  
  129  11:19  Drone  
  129  11:20  Drone x6  
  129  11:21  Overlord x4  
  129  11:22  Spine Crawler, Spore Crawler  
  134  11:46  Burrow, Zerg Ground Armor Level 3  
  133  11:47  Chitinous Plating, Zerg Melee Weapons Level 3  
  133  11:49  Ultralisk x2  
  145  12:02  Drone x3  
  145  12:03  Drone  
  148  12:21  Ultralisk x3  
  166  12:26  Ultralisk  
  172  12:42  Extractor  
  172  12:43  Extractor  
  170  12:51  Greater Spire  
  170  12:52  Overlord  
  170  12:56  Drone x3  
  173  13:05  Drone x3  
  175  13:06  Overlord  
  175  13:20  Corruptor  
  175  13:21  Corruptor x11  
  175  13:22  Spine Crawler, Spore Crawler  
  175  13:23  Spine Crawler  
  196  13:39  Adrenal Glands  
  181  14:38  Zergling x2  
  181  14:39  Zergling x10  
  181  14:40  Queen x3  
  181  14:43  Zerg Missile Weapons Level 1  
  197  14:45  Ultralisk  
  197  14:46  Brood Lord  
  177  15:26  Brood Lord  
  177  15:27  Brood Lord x7  
  183  15:39  Corruptor x6  
  183  15:40  Corruptor x2  
  199  15:51  Zergling x2  
  200  16:02  Overlord x2  
  200  16:03  Overlord  
  200  16:05  Overseer x4  
  200  16:07  Hatchery  
  199  16:14  Hatchery  
  199  16:15  Infestor, Extractor  
  199  16:16  Extractor  
  198  16:21  Infestor  
Tags
 
Add a new tag
Caveats
  • Supply blocks, unpowered buildings, or Contaminate may cause inaccurate times.
  • Supply counts are checked every 10 seconds.